 Dungeon Crawl Stone Soup version 0.21.1-1-g345015f (webtiles) character file.

57647 Stormphoenix the Severer (level 14, -7/207 HPs)
             Began as a Minotaur Berserker on June 11, 2018.
             Was a High Priest of Trog.
             Mangled by an orc warlord
             ... wielding a +0 bardiche
              (23 damage)
             ... on level 2 of the Orcish Mines.
             The game lasted 00:44:47 (21519 turns).

Stormphoenix the Severer (Minotaur Berserker)      Turns: 21519, Time: 00:44:48

Health: -7/207     AC: 27    Str: 35    XL:     14   Next: 46%
Magic:  4/4        EV: 12    Int:  4    God:    Trog [*****.]
Gold:   2117       SH:  0    Dex: 11    Spells: 13/13 levels left

rFire    + + .     SeeInvis +   v - +5 executioner's axe (antimagic)
rCold    . . .     Gourm    .   (shield currently unavailable)
rNeg     . . .     Faith    .   o - +6 chain mail of Anaesthesia {-Tele rPois rF++ Str+4}
rPois    +         Spirit   .   u - +2 hat
rElec    .         Reflect  .   m - +2 cloak
rCorr    .         Harm     .   F - +0 pair of gloves
MR       ++...     NoTele   +   (no boots)
Stlth    ..........             J - amulet of regeneration
HPRegen  0.84/turn              k - ring of protection from magic
MPRegen  0.09/turn              H - ring of see invisible

@: berserking (expiring), lethally poisoned (-7 -> -7), very quick
A: retaliatory headbutt, horns 2
a: Berserk, Trog's Hand, Brothers in Arms, Burn Spellbooks, Renounce Religion


You were on level 2 of the Orcish Mines.
You worshipped Trog.
Trog was extremely pleased with you.
You were not hungry.

You visited 3 branches of the dungeon, and saw 20 of its levels.

You collected 2117 gold pieces.

Inventory:

Hand Weapons
 v - a +5 antimagic executioner's axe (weapon)
 D - the +8 rapier of Anguish {holy, Str+8}
   (Trog gifted it to you on level 4 of the Lair of Beasts)

   It has been blessed by the Shining One to cause great damage to the undead
   and demons.
   It affects your strength (+8).
Armour
 m - a +2 cloak (worn)
 o - the +6 chain mail of Anaesthesia (worn) {-Tele rPois rF++ Str+4}
   (You found it on level 4 of the Lair of Beasts)

   It affects your strength (+4).
   It greatly protects you from fire.
   It protects you from poison.
   It prevents most forms of teleportation.
 u - a +2 hat (worn)
 B - a +1 plate armour of fire resistance
 F - a +0 pair of gloves (worn)
Jewellery
 k - a ring of protection from magic (left hand)
 p - a +3 ring of intelligence {unknown}
 H - a ring of see invisible (right hand)
 J - an amulet of regeneration (around neck)
Wands
 b - a wand of flame (75)
 i - a wand of digging (23)
 l - a wand of enslavement (17)
 E - a wand of iceblast (17)
 G - a wand of acid (18)
 K - a wand of disintegration (8)
Scrolls
 a - 3 scrolls of magic mapping
 d - 11 scrolls of remove curse
 e - 5 scrolls of fog
 f - 3 scrolls of fear
 n - 2 scrolls of blinking
 r - a scroll of torment
 s - 4 scrolls of teleportation
 w - a scroll of silence
 x - 3 scrolls of identify
Potions
 g - 11 potions of curing
 h - 6 potions of flight
 j - 2 potions of invisibility
 q - 6 potions of might
 t - 2 potions of mutation
 z - a potion of resistance
 A - 3 potions of heal wounds
 C - a potion of haste
 L - 2 potions of ambrosia
Comestibles
 c - 13 rations
 I - 2 chunks of flesh


   Skills:
 + Level 16.7 Fighting
 - Level 17.1 Axes
 + Level 16.6 Armour
 - Level 4.7 Dodging


You had 13 spell levels left.
You didn't know any spells.

Dungeon Overview and Level Annotations

Branches:
Dungeon (12/15)            Temple (0/1) D:5            Lair (6/6) D:9
  Swamp (0/4) Lair:4        Snake (0/4) Lair:4        Slime (0/5) Lair:6
    Orc (2/2) D:12
    Elf: Orc:2

Altars:
Ashenzari
Dithmenos
Elyvilon
Gozag
Hepliaklqana
Kikubaaqudgha
Makhleb
Nemelex Xobeh
Qazlal
Trog
Vehumet
Wu Jian
Yredelemnul
The Shining One
Beogh

Shops:
D:4 =   D:7 (   Orc:1 (   Orc:2 *

Annotations:
D:5 exclusion: oklob sapling


Innate Abilities, Weirdness & Mutations

You reflexively headbutt those who attack you in melee.
You have a pair of horns on your head.


Message History

The red devil completely misses you.
The orc warlord hits you with a bardiche!
* * * LOW HITPOINT WARNING * * *
A warg comes into view.
The warg howls!
You slash the orc warlord!
The orc warlord is moderately wounded.
You barely miss the orc knight. You slash the red devil!
You closely miss the orc warrior.
The orc knight hits you but does no damage.
The red devil hits you but does no damage.
You slash the orc warlord! You headbutt the orc warlord.
The orc warlord is heavily wounded.
You hit the orc knight but do no damage.
You slash the red devil!
You kill the red devil!
You closely miss the orc warrior.
The orc warrior hits you but does no damage.
The orc warlord hits you with a bardiche!!
You die...

#........ ..#
#.......# ..##.
#...$...##..<.#
.............. ##
#............ ..
##.##.........$..
...##............#...
........@...<.......
..#$o)ooo..........
.....#o##)..........
......oo#3....P......
.......§§......P...P.
.....o.o....P..P.§..P
...h...............PP
#...........P....8...
................∩...P


You could see an orc warlord, an orc knight, an orc high priest, a warg, 2 orc
warriors and 3 orcs.

Vanquished Creatures
  An orc warlord (Orc:1)
  Snorg (Lair:5)
  An ettin (Orc:1)
  A fire dragon (Lair:6)
  6 hydras
  Erolcha (D:11)
  5 two-headed ogres
  3 orc high priests
  Nergalle (Lair:2)
  2 unseen horrors
  The ghost of kalagan the Thaumaturge, a novice DESu of Hepliaklqana (D:9)
  A lindwurm (Lair:6)
  3 orc knights
  3 orc sorcerers (Orc:1)
  3 elephants (Lair:6)
  2 black mambas (Lair:6)
  A manticore (D:12)
  5 torpor snails (Lair:6)
  2 gargoyles
  6 spiny frogs
  5 rime drakes
  8 komodo dragons
  The ghost of inc the Conjurer, a novice OpCj of Gozag (D:5)
  8 trolls
  4 tyrant leeches (Lair:6)
  Grinder (D:3)
  10 hornets
  17 blink frogs
  6 hippogriffs
  Sigmund (D:4)
  A spriggan (Lair:4)
  Eustachio (D:5)
  A vampire (D:10)
  2 wyverns
  2 wraiths
  A basilisk (Lair:4)
  2 hungry ghosts (D:10)
  37 yaks
  6 wargs
  13 water moccasins
  An acid dragon (D:12)
  A soldier ant (D:10)
  2 hell hounds (D:9)
  8 porcupines
  3 sky beasts
  18 orc warriors
  2 black bears
  An eye of draining (D:11)
  2 necrophages
  4 phantoms
  An ice beast (D:6)
  25 wolves
  4 ogres
  10 crocodiles
  3 centaurs
  3 big kobolds
  18 bullfrogs
  A scorpion (D:9)
  9 killer bees
  A howler monkey (D:5)
  3 wights (D:8)
  An electric eel (Lair:1)
  7 crimson imps
  2 bullfrog zombies
  7 hounds
  A quasit (D:10)
  A gnoll shaman (D:8)
  2 centaur skeletons
  A jelly (D:12)
  21 orc wizards
  18 orc priests
  Ijyb (D:3)
  Jessica (D:3)
  2 bullfrog skeletons
  5 iguanas
  Natasha (thrice) (D:3)
  8 worker ants
  Terence (D:2)
  A killer bee zombie (D:6)
  A hound skeleton (D:4)
  A howler monkey zombie (D:10)
  A worker ant zombie (D:10)
  8 gnolls
  17 adders
  A shadow imp (D:12)
  An adder zombie (D:9)
  An ooze (D:7)
  A worm (D:10)
  A dart slug (D:2)
  3 leopard geckos
  69 orcs
  3 ball pythons
  8 bats
  2 giant cockroaches
  7 goblins
  7 hobgoblins
  15 jackals
  38 kobolds
  4 quokkas
  3 frilled lizards
  A quokka zombie (D:9)
  10 rats
  8 fungi
  3 plants
593 creatures vanquished.

Vanquished Creatures (others)
  3 fungi
  13 plants
16 creatures vanquished.

Grand Total: 609 creatures vanquished

Notes
Turn   | Place    | Note
-------+----------+-------------------------------------------
     0 | D:1      | Stormphoenix the Minotaur Berserker began the quest for the Orb.
     0 | D:1      | Reached XP level 1. HP: 19/19 MP: 0/0
    68 | D:1      | Reached skill level 4 in Axes
   118 | D:1      | Reached XP level 2. HP: 23/26 MP: 1/1
   476 | D:1      | Reached skill level 5 in Axes
   811 | D:1      | Reached ** piety under Trog
   811 | D:1      | Reached XP level 3. HP: 28/31 MP: 2/2
  1370 | D:2      | Noticed Terence
  1374 | D:2      | Killed Terence
  1436 | D:2      | Reached skill level 6 in Axes
  1436 | D:2      | Reached XP level 4. HP: 39/39 MP: 3/3
  1592 | D:2      | Found a bloodstained altar of Trog.
  1959 | D:3      | Noticed Natasha
  1972 | D:3      | Killed Natasha
  1972 | D:3      | Reached skill level 7 in Axes
  1972 | D:3      | Reached XP level 5. HP: 7/45 MP: 4/4
  2059 | D:3      | Noticed Natasha
  2250 | D:3      | Killed Natasha
  2345 | D:3      | Found an ancient bone altar of Kikubaaqudgha.
  2346 | D:3      | Noticed Natasha
  2380 | D:3      | Killed Natasha
  2511 | D:3      | Noticed Grinder
  2524 | D:3      | Reached skill level 8 in Axes
  2532 | D:3      | Killed Grinder
  2532 | D:3      | Reached skill level 9 in Axes
  2532 | D:3      | Reached XP level 6. HP: 36/51 MP: 5/5
  2591 | D:3      | Found a hazy altar of Hepliaklqana.
  2640 | D:3      | Noticed Ijyb
  2648 | D:3      | Killed Ijyb
  2731 | D:3      | Reached XP level 7. HP: 53/57 MP: 6/6
  2771 | D:3      | Reached *** piety under Trog
  2856 | D:3      | Noticed Jessica
  2860 | D:3      | Killed Jessica
  3025 | D:3      | Found a burning altar of Makhleb.
  3025 | D:3      | Found a stormy altar of Qazlal.
  3030 | D:3      | Found a white marble altar of Elyvilon.
  3032 | D:3      | Found a shattered altar of Ashenzari.
  3034 | D:3      | Found a radiant altar of Vehumet.
  3596 | D:2      | Found a shadowy altar of Dithmenos.
  3657 | D:4      | Found Neluper's Jewellery Shop.
  4401 | D:4      | Noticed Sigmund
  4410 | D:4      | Killed Sigmund
  4410 | D:4      | Reached skill level 10 in Axes
  4637 | D:5      | Entered Level 5 of the Dungeon
  4908 | D:5      | Noticed inc's ghost (novice OpCj)
  4921 | D:5      | Killed inc's ghost
  4921 | D:5      | Reached skill level 11 in Axes
  4921 | D:5      | Reached XP level 8. HP: 64/64 MP: 7/7
  5235 | D:5      | Found a staircase to the Ecumenical Temple.
  5238 | D:5      | Noticed Eustachio
  5248 | D:5      | Killed Eustachio
  5248 | D:5      | Reached skill level 12 in Axes
  5755 | D:6      | Reached **** piety under Trog
  6097 | D:6      | Reached skill level 13 in Axes
  6813 | D:7      | Found a sparkling altar of Nemelex Xobeh.
  7003 | D:7      | Found Kaetoepn's Weapon Boutique.
  7116 | D:7      | Reached XP level 9. HP: 66/70 MP: 8/8
  7207 | D:7      | Reached skill level 14 in Axes
  7257 | D:7      | Noticed a troll
  7267 | D:7      | Killed a troll
  7267 | D:7      | Reached skill level 5 in Fighting
  7373 | D:8      | Noticed a troll
  7376 | D:8      | Killed a troll
  7413 | D:8      | Got a faintly glowing long sword
  7597 | D:8      | Identified the +4 long sword of Beogh's Favour {freeze, Int+7 Dex+2} (You found it on level 8 of the Dungeon)
  7774 | D:8      | Noticed a two-headed ogre
  7780 | D:8      | Killed a two-headed ogre
  7841 | D:8      | Received a gift from Trog
  7909 | D:8      | Reached ***** piety under Trog
  7909 | D:8      | Reached skill level 10 in Fighting
  7990 | D:8      | Reached XP level 10. HP: 76/93 MP: 9/9
  8154 | D:8      | Found a basalt altar of Yredelemnul.
  8157 | D:8      | Noticed a profane servitor
  8162 | D:8      | Found a glowing golden altar of the Shining One.
  8206 | D:8      | Found an opulent altar of Gozag.
  8382 | D:8      | Noticed an angel
  8389 | D:8      | Identified a scroll of acquirement
  8487 | D:9      | Found a staircase to the Lair.
  8522 | D:9      | Found an ornate altar of the Wu Jian Council.
  8878 | D:9      | Noticed kalagan's ghost (novice DESu)
  8880 | D:9      | Received a gift from Trog
  8889 | D:9      | Killed kalagan's ghost
  8889 | D:9      | Reached skill level 15 in Axes
  9323 | Lair:1   | Entered Level 1 of the Lair of Beasts
  9411 | Lair:1   | Reached skill level 16 in Axes
 10293 | Lair:1   | Reached XP level 11. HP: 60/101 MP: 3/10
 10748 | Lair:2   | Reached skill level 17 in Axes
 11610 | Lair:2   | Reached skill level 5 in Armour
 11766 | Lair:2   | Noticed Nergalle
 11772 | Lair:2   | Killed Nergalle
 11919 | Lair:3   | Noticed a five-headed hydra
 11924 | Lair:3   | Killed a seven-headed hydra
 12482 | Lair:3   | Noticed a five-headed hydra
 12489 | Lair:3   | Killed a nine-headed hydra
 12549 | Lair:3   | Noticed a six-headed hydra
 12556 | Lair:3   | Killed a ten-headed hydra
 12556 | Lair:3   | Reached skill level 10 in Armour
 12597 | Lair:3   | Received a gift from Trog
 12623 | Lair:3   | Reached XP level 12. HP: 67/107 MP: 3/11
 13408 | Lair:4   | Found a hazy altar of Hepliaklqana.
 13449 | Lair:4   | Found a staircase to the Snake Pit.
 14070 | Lair:4   | Noticed a seven-headed hydra
 14081 | Lair:4   | Killed a 12-headed hydra
 14378 | Lair:4   | Got a smelly chain mail
 14389 | Lair:4   | Identified the +6 chain mail of Anaesthesia {-Tele rPois rF++ Str+4} (You found it on level 4 of the Lair of Beasts)
 14560 | Lair:4   | Received a gift from Trog
 14563 | Lair:4   | Got a shimmering rapier {god gift}
 14564 | Lair:4   | Identified the +8 rapier of Anguish {holy, Str+8} (Trog gifted it to you on level 4 of the Lair of Beasts)
 14663 | Lair:4   | Found a staircase to the Swamp.
 14886 | Lair:5   | Noticed Snorg
 14896 | Lair:5   | Killed Snorg
 15195 | Lair:5   | Noticed an eight-headed hydra
 15200 | Lair:5   | Killed a nine-headed hydra
 15249 | Lair:5   | Reached skill level 15 in Armour
 16113 | Lair:6   | Entered Level 6 of the Lair of Beasts
 16118 | Lair:6   | Reached XP level 13. HP: 109/114 MP: 4/12
 16511 | Lair:6   | Found a stormy altar of Qazlal.
 16555 | Lair:6   | Found a staircase to the Slime Pits.
 16872 | Lair:6   | Received a gift from Trog
 17050 | Lair:6   | Found a runed door.
 17160 | Lair:6   | Paralysed by a hornet for 2 turns
 17826 | Lair:6   | Noticed a fire dragon
 17832 | Lair:6   | Killed a fire dragon
 18083 | D:10     | Entered Level 10 of the Dungeon
 18299 | D:10     | Got a twisted great sword
 18327 | D:10     | Identified the +3 great sword of Hatutsoy {slice, -Tele rPois Int+2} (You found it on level 10 of the Dungeon)
 18874 | D:11     | Noticed Erolcha
 18878 | D:11     | Killed Erolcha
 18920 | D:11     | Reached skill level 15 in Fighting
 19728 | D:12     | Found a staircase to the Orcish Mines.
 19744 | D:12     | Reached XP level 14. HP: 121/135 MP: 4/13
 19819 | D:12     | Found a hazy altar of Hepliaklqana.
 20356 | D:12     | Received a gift from Trog
 20585 | Orc:1    | Entered Level 1 of the Orcish Mines
 20585 | Orc:1    | Noticed an orc warlord
 20596 | Orc:1    | Killed an orc warlord
 20860 | Orc:1    | Found Mepnoir's Antique Weapon Shoppe.
 21098 | Orc:1    | Found a transporter.
 21257 | Orc:1    | Found a roughly hewn altar of Beogh.
 21263 | Orc:1    | Received a gift from Trog
 21465 | Orc:1    | Found a transporter.
 21487 | Orc:2    | Entered Level 2 of the Orcish Mines
 21488 | Orc:2    | Found Sugg's General Store.
 21488 | Orc:2    | Noticed an orc warlord
 21519 | Orc:2    | Mangled by an orc warlord

Skill      XL: |  1  2  3  4  5  6  7  8  9 10 11 12 13 14 |
---------------+-------------------------------------------+-----
Axes           | 4 5 6 7 9 11 13 14 16 17 | 17.1
Fighting       | 10 15 16 | 16.7
Armour         | 10 15 16 | 16.6
Dodging        | 4 |  4.7

Action                   |  1- 3 |  4- 6 |  7- 9 | 10-12 | 13-15 || total
-------------------------+-------+-------+-------+-------+-------++-------
Melee: Hand axe          |    64 |   101 |   318 |    12 |       ||   495
       Headbutt          |     8 |    17 |    57 |    81 |   104 ||   267
       Executioner's axe |       |       |       |   312 |   478 ||   790
       Battleaxe         |       |       |       |    49 |       ||    49
Invok: Berserk           |     2 |     1 |     7 |     7 |     5 ||    22
       Trog's Hand       |       |     1 |     1 |       |     1 ||     3
       Burn Spellbooks   |       |       |       |     2 |     3 ||     5
  Use: Scroll            |     5 |     6 |     9 |    12 |     6 ||    38
       Potion            |       |       |       |       |     4 ||     4
  Eat: Ration            |     1 |     1 |     4 |     4 |     4 ||    14
       Chunk             |       |     2 |    10 |    20 |    12 ||    44
Armor: Animal skin       |    11 |     2 |       |       |       ||    13
       Scale mail        |       |    19 |   104 |    35 |       ||   158
       Plate armour      |       |       |       |   247 |       ||   247
       Chain mail        |       |       |       |    50 |   358 ||   408
Dodge: Dodged            |    49 |    57 |    96 |   234 |   315 ||   751
